 Dungeon Crawl Stone Soup version 0.30-a0-571-gdf30a72648 (webtiles) character file.

Game seed: 16675494318938924845

71068 Pooter the Marksminotaur (level 14, -15/124 HPs)
             Began as a Minotaur Monk on Dec 29, 2022.
             Was an Elder of Okawaru.
             Shot with a bolt by a yaktaur (23 damage)
             ... on level 12 of the Dungeon on Dec 30, 2022.
             The game lasted 01:44:09 (17714 turns).

Pooter the Marksminotaur (Minotaur Monk)           Turns: 17714, Time: 01:44:09

Health: -15/124    AC: 19    Str: 19    XL:     14   Next: 96%
Magic:  19/19      EV: 12    Int:  7    God:    Okawaru [****..]
Gold:   946        SH:  0    Dex: 21    Spells: 13/13 levels left

rFire   . . .      SeeInvis .    b - +0 arbalest
rCold   . . .      Faith    .    (shield currently unavailable)
rNeg    . . .      Spirit   .    K - +3 plate armour
rPois   .          Reflect  .    (helmet restricted)
rElec   .          Harm     .    H - +0 cloak
rCorr   .          Rampage  .    F - +2 pair of gloves
Will    +....                    (no boots) Stlth
                                 M - amulet of regeneration
HPRegen 1.20/turn                y - +6 ring of dexterity
MPRegen 0.16/turn                q - +5 ring of evasion

@: no status effects
A: horns 2, retaliatory headbutt
a: Renounce Religion, Heroism, Finesse


You were on level 12 of the Dungeon.
You worshipped Okawaru.
Okawaru was greatly pleased with you.
You visited 3 branches of the dungeon, and saw 18 of its levels.

You collected 1303 gold pieces.
You spent 357 gold pieces at shops.

Inventory:

Hand Weapons
 a - a +1 flail of draining
   (You found it on level 6 of the Dungeon)
 b - a +0 arbalest (weapon)
   (You took it off an orc warrior on level 10 of the Dungeon)
 p - a +1 flail of holy wrath
   (You took it off an orc on level 4 of the Dungeon)
 E - a +2 halberd of flaming
   (You took it off Maggie on level 9 of the Dungeon)
 N - a +1 dire flail of protection
   (You took it off a wight on level 7 of the Dungeon)
 U - a +4 spear of flaming
   (You took it off a gnoll sergeant on level 8 of the Dungeon)
 X - the +5 scimitar "Xich" {antimagic, rF+++ rC- rCorr}
   (You found it on level 5 of the Lair of Beasts)

   It reduces the magical energy of the wielder, and disrupts the spells and
   magical abilities of those it strikes.
   Natural abilities and divine invocations are not affected.
   rF:        It renders you almost immune to fire.
   rC:        It makes you vulnerable to cold.
   rCorr:     It protects you from acid and corrosion.
Missiles
 d - 37 poisoned darts
 o - 11 boomerangs
 x - 5 datura-tipped darts
 Q - 215 stones
 V - 3 throwing nets {!f}
 W - 2 curare-tipped darts
Armour
 F - a +2 pair of gloves (worn)
   (You found it on level 4 of the Dungeon)
 H - a +0 cloak (worn)
   (You found it on level 4 of the Dungeon)
 K - a +3 plate armour (worn)
   (You found it on level 6 of the Dungeon)
Jewellery
 e - a ring of willpower
   (You found it on level 1 of the Dungeon)
 q - a +5 ring of evasion (right hand)
   (You found it on level 5 of the Dungeon)
 y - a +6 ring of dexterity (left hand)
   (You found it on level 8 of the Dungeon)
 I - a ring of protection from cold
   (You found it on level 6 of the Dungeon)
 M - an amulet of regeneration (around neck)
   (You found it on level 7 of the Dungeon)
 P - a ring of poison resistance
   (You bought it in a shop on level 10 of the Dungeon)
Wands
 f - a wand of flame (35)
   (You found it on level 4 of the Dungeon)
 D - a wand of digging (12)
   (You took it off a centaur on level 8 of the Dungeon)
 J - a wand of light (5)
   (You found it on level 7 of the Dungeon)
 T - a wand of polymorph (6)
   (You found it on level 5 of the Lair of Beasts)
 Z - a wand of mindburst (1)
   (You took it off Maggie on level 9 of the Dungeon)
Scrolls
 l - a scroll of immolation {!r}
 r - 4 scrolls of blinking
 t - 6 scrolls of teleportation {@r4}
 v - 2 scrolls of noise {!r}
 w - 4 scrolls of fog
 G - 2 scrolls of fear
 L - 2 scrolls of magic mapping
 Y - 2 scrolls of silence
Potions
 c - a potion of ambrosia
 g - 4 potions of cancellation
 h - 2 potions of heal wounds {@q2}
 i - a potion of brilliance {unknown}
 j - 4 potions of mutation {!q}
 k - 2 potions of flight
 m - 4 potions of lignification {!q}
 n - 2 potions of berserk rage
 s - 10 potions of curing {@q1}
 z - 5 potions of haste {@q3}
 A - a potion of degeneration {unknown}
 B - 3 potions of resistance
 C - a potion of might
 R - a potion of invisibility {unknown}
 S - 3 potions of magic
Miscellaneous
 O - a piece from Xom's chessboard (15/15)
   (You found it on level 5 of the Lair of Beasts)


   Skills:
 + Level 11.5 Fighting
 - Level 8.2(12.4) Axes
 - Level 14.3(15.2) Maces & Flails
 - Level 1.6(5.4) Polearms
 * Level 15.3 Ranged Weapons
 + Level 4.6 Armour
 - Level 3.2 Dodging
 - Level 4.9 Stealth
 + Level 8.8 Invocations
 + Level 8.0 Evocations


You had 13 spell levels left.
You didn't know any spells.
Your spell library contained the following spells:

 Spells                   Type           Power      Damage    Failure   Level
 Beastly Appendage        Tmut           0%         N/A       100%        1
 Necrotise                Necr           0%         1d4       100%        1
 Slow                     Hex            0%         N/A       100%        1
 Ensorcelled Hibernation  Hex/Ice        0%         N/A       100%        2
 Passwall                 Tmut/Erth      0%         N/A       100%        2
 Scorch                   Fire           0%         2d5       100%        2
 Wereblood                Tmut           0%         N/A       100%        2
 Confusing Touch          Hex            0%         N/A       100%        3
 Dazzling Flash           Conj/Hex       0%         N/A       100%        3
 Hailstorm                Conj/Ice       0%         3d3       100%        3
 Inner Flame              Hex/Fire       0%         N/A       100%        3
 Kindle Blastsparks       Fire/Tloc/Air  0%         2d10      100%        3
 Spider Form              Tmut/Pois      0%         N/A       100%        3
 Swiftness                Air            0%         N/A       100%        3
 Vampiric Draining        Necr           0%         2d6       100%        3
 Flame Wave               Conj/Fire      0%         2d4       100%        4
 Fulminant Prism          Conj/Hex       0%         3d5       100%        4
 Ice Form                 Ice/Tmut       0%         N/A       100%        4
 Iskenderun's Mystic Bla  Conj/Tloc      0%         2d3       100%        4
 Manifold Assault         Tloc           0%         N/A       100%        4
 Sticky Flame             Conj/Fire      0%         2d3       100%        4
 Agony                    Necr           0%         N/A       100%        5
 Lee's Rapid Deconstruct  Erth           0%         3d4*      100%        5
 Lightning Bolt           Conj/Air       0%         1d11      100%        5
 Dispersal                Tloc           0%         N/A       100%        6
 Ozocubu's Refrigeration  Ice            0%         4d7       100%        7
 Disjunction              Tloc           0%         N/A       100%        8
 Summon Ice Beast         Ice/Summ       Unusable   N/A       N/A         4
 Simulacrum               Ice/Necr       Unusable   N/A       N/A         6
 Summon Cactus Giant      Summ           Unusable   N/A       N/A         6

Dungeon Overview and Level Annotations

Branches:
Dungeon (12/15)            Temple (1/1) D:5            Lair (5/5) D:11
  Swamp (0/4) Lair:3        Snake (0/4) Lair:2        Slime (0/5) Lair:5
    Orc: D:9-12

Altars:
Ashenzari
Dithmenos
Elyvilon
Gozag
Hepliaklqana
Kikubaaqudgha
Makhleb
Nemelex Xobeh
Okawaru
Qazlal
Trog
Xom
Zin
Jiyva

Shops:
D:2 ?   D:3 :   D:8 *   D:10 =

Annotations:
D:3 3 runed translucent doors, hgbash's ghost, amateur OpCj; lotum's ghost, weakling MeEE
D:4 1 runed translucent door, Crazy Yiuf


Innate Abilities, Weirdness & Mutations

You have a pair of horns on your head.
You reflexively headbutt those who attack you in melee.


Message History

* * * LOW HITPOINT WARNING * * *
You feel much better.
The yaktaur shoots a bolt.
The bolt completely misses you.
The yaktaur shoots a bolt.
The bolt hits you!
* * * LOW HITPOINT WARNING * * *
The yaktaur shoots a bolt.
The bolt hits you.
* * * LOW HITPOINT WARNING * * *
There is a stone staircase leading up here.
The yaktaur shoots a bolt.
The bolt misses you.
The yaktaur shoots a bolt.
The bolt hits you!!
* * * LOW HITPOINT WARNING * * *
The yaktaur shoots a bolt.
The bolt misses you.
You climb upwards.
There is a stone staircase leading down here.
You start resting.
Your hands slow down.
You start resting.
You start resting.
You feel like a meek peon again.
You start resting.
Unknown command.
Unknown command.
Unknown command.
Unknown command.
Unknown command.
Unknown command.
Unknown command.
Unknown command.
Unknown command.
Unknown command.
Unknown command.
You climb downwards.
You feel a wave of frost pass over you.
There is an entrance to an ice cave on this level.
Hurry and find it before the portal melts!
You hear the faint crackling of a melting archway nearby.
The yaktaur shoots a bolt.
The bolt closely misses you.
The yaktaur shoots a bolt.
The bolt hits you!
There is a stone staircase leading up, spattered with blood here.
You shoot a bolt. The bolt hits the yaktaur!!
The yaktaur shoots a bolt.
The bolt hits you!!
The yaktaur shoots a bolt.
The bolt hits you!
The yaktaur shoots a bolt.
The bolt hits you!
* * * LOW HITPOINT WARNING * * *
The yaktaur shoots a bolt.
The bolt completely misses you.
The yaktaur shoots a bolt.
The bolt hits you.
* * * LOW HITPOINT WARNING * * *
The yaktaur shoots a bolt.
The bolt hits you!!
* * * LOW HITPOINT WARNING * * *
The yaktaur shoots a bolt.
The bolt hits you!!
* * * LOW HITPOINT WARNING * * *
The yaktaur shoots a bolt.
The bolt hits you!!
You die...

#......# #.......
#...... #### .. #.....
#...##.. #...# #....##.
#... #....#..
.#######.#########......
.......@.....##...#.....
.............##...#.....
........................
.......c................
.......c................
........c...............
........................
.........c..............
..........##............


You could see 4 yaktaurs.

Vanquished Creatures
  3 boulder beetles
  5 hydras
  2 catoblepae
  5 two-headed ogres
  6 death yaks
  A deep troll shaman (Lair:5)
  A deep troll (D:11)
  2 lindwurms
  A cyclops (D:11)
  15 elephants
  6 black mambas
  7 cane toads
  Maggie (D:9)
  A torpor snail (Lair:4)
  A yaktaur (D:12)
  2 rime drakes
  2 komodo dragons (Lair:5)
  2 kobold demonologists (D:10)
  2 polar bears
  4 slime creatures
  8 blink frogs (Lair:5)
  4 trolls
  6 dream sheep (Lair:4)
  A shadow (D:11)
  A wraith (D:10)
  Eustachio (D:5)
  4 vampire mosquitoes (D:11)
  A wyvern (Lair:2)
  37 yaks
  A basilisk (Lair:5)
  A steam dragon (D:8)
  18 water moccasins
  2 acid dragons (D:9)
  An ice beast (D:7)
  4 orc warriors
  5 black bears
  3 centaurs
  An ogre (D:5)
  12 wolves
  A phantom (D:5)
  4 kobold brigands
  A gnoll sergeant (D:8)
  10 bullfrogs
  2 necrophages
  2 scorpions
  5 wights (D:7)
  4 howler monkeys
  4 electric eels
  A lava snake (Lair:4)
  4 hounds
  3 jellies (Lair:5)
  A gnoll bouda (D:5)
  8 orc priests
  4 orc wizards
  9 gnolls
  4 adders
  9 river rats (D:5)
  2 white imps
  2 ufetubi
  A worm (D:3)
  27 orcs
  5 bats
  9 endoplasms
  5 giant cockroaches
  7 goblins
  6 hobgoblins
  3 jackals (D:1)
  7 quokkas
  5 ball pythons
  3 frilled lizards
  22 kobolds
  14 rats (D:5)
  A butterfly (Lair:3)
375 creatures vanquished.

Vanquished Creatures (others)
  11 fungi
  16 plants
27 creatures vanquished.

Grand Total: 402 creatures vanquished

Notes
Turn   | Place    | Note
-------+----------+-------------------------------------------
     0 | D:1      | Pooter the Minotaur Monk began the quest for the Orb.
     0 | D:1      | Reached XP level 1. HP: 19/19 MP: 0/0
   141 | D:1      | Reached XP level 2. HP: 27/27 MP: 1/1
   791 | D:2      | Reached XP level 3. HP: 33/33 MP: 2/2
  1019 | D:2      | Found Xeinn's Magic Scroll Emporium.
  1550 | D:2      | Bought a scroll of magic mapping for 97 gold pieces
  1691 | D:3      | Found a runed translucent gate.
  1691 | D:3      | Found a runed translucent gate.
  1691 | D:3      | Found a runed translucent gate.
  1730 | D:3      | Found Quithoxt's Book Shoppe.
  1902 | D:3      | Reached skill level 1 in Ranged Weapons
  2111 | D:3      | Noticed lotum's ghost (weakling MeEE)
  2112 | D:3      | Noticed hgbash's ghost (amateur OpCj)
  2306 | D:4      | Reached XP level 4. HP: 40/40 MP: 3/3
  2472 | D:4      | Reached skill level 1 in Polearms
  2472 | D:4      | Reached skill level 2 in Ranged Weapons
  2472 | D:4      | Reached XP level 5. HP: 43/47 MP: 4/4
  2591 | D:4      | Found a runed translucent door.
  2592 | D:4      | Noticed Crazy Yiuf
  2844 | D:4      | Reached skill level 5 in Axes
  3237 | D:5      | Entered Level 5 of the Dungeon
  3242 | D:5      | Noticed Eustachio
  3257 | D:5      | Killed Eustachio
  3258 | D:5      | Reached skill level 3 in Ranged Weapons
  3258 | D:5      | Reached XP level 6. HP: 55/55 MP: 5/5
  3277 | D:5      | Noticed an orc warrior
  3361 | D:5      | Reached skill level 5 in Fighting
  3537 | D:5      | Reached skill level 4 in Ranged Weapons
  3542 | D:5      | Reached XP level 7. HP: 57/61 MP: 6/6
  3654 | D:5      | Found a staircase to the Ecumenical Temple.
  3679 | Temple   | Entered the Ecumenical Temple
  3699 | Temple   | Became a worshipper of Warmaster Okawaru
  3699 | Temple   | Reached * piety under Okawaru
  3699 | Temple   | Reached ** piety under Okawaru
  3996 | D:5      | Found a bloodstained altar of Trog.
  4683 | D:6      | Reached skill level 5 in Ranged Weapons
  4734 | D:6      | Found an ancient bone altar of Kikubaaqudgha.
  4874 | D:6      | Reached skill level 1 in Maces & Flails
  4967 | D:6      | Reached XP level 8. HP: 70/70 MP: 7/7
  5141 | D:6      | Noticed a two-headed ogre
  5151 | D:6      | Killed a two-headed ogre
  5151 | D:6      | Reached *** piety under Okawaru
  5152 | D:6      | Reached skill level 6 in Ranged Weapons
  5269 | D:6      | Noticed a troll
  5279 | D:6      | Killed a troll
  5662 | D:7      | Reached XP level 9. HP: 54/77 MP: 8/8
  5838 | D:7      | Reached skill level 7 in Ranged Weapons
  5982 | D:7      | Reached skill level 5 in Maces & Flails
  6044 | D:7      | Reached **** piety under Okawaru
  6200 | D:7      | Got the Grimoire of Numb Concussion
  6363 | D:7      | Noticed a two-headed ogre
  6372 | D:7      | Killed a two-headed ogre
  6373 | D:7      | Reached skill level 8 in Ranged Weapons
  6373 | D:7      | Reached skill level 1 in Invocations
  6373 | D:7      | Reached skill level 1 in Evocations
  6706 | D:8      | Found a glowing silver altar of Zin.
  6708 | D:8      | Found Zin's Purification Station.
  6728 | D:8      | Reached XP level 10. HP: 62/88 MP: 6/10
  7556 | D:9      | Noticed Maggie
  7571 | D:9      | Killed Maggie
  7920 | D:9      | Reached skill level 9 in Ranged Weapons
  8403 | D:10     | Entered Level 10 of the Dungeon
  8552 | D:10     | Noticed a rust devil
  8552 | D:10     | Noticed a sun demon
  8596 | D:10     | Noticed a two-headed ogre
  8641 | D:10     | Found Paur's Jewellery Boutique.
  8665 | D:10     | Killed a two-headed ogre
  8898 | D:10     | Noticed a sixfirhy
 10092 | D:11     | Noticed a two-headed ogre
 10098 | D:11     | Killed a two-headed ogre
 10099 | D:11     | Reached skill level 10 in Ranged Weapons
 10099 | D:11     | Reached XP level 11. HP: 71/95 MP: 9/12
 10139 | D:11     | Noticed a two-headed ogre
 10152 | D:11     | Killed a two-headed ogre
 10471 | D:11     | Found a staircase to the Lair.
 10603 | D:11     | Noticed a deep troll
 10612 | D:11     | Killed a deep troll
 10613 | D:11     | Reached skill level 10 in Maces & Flails
 11216 | Lair:1   | Entered Level 1 of the Lair of Beasts
 11336 | Lair:1   | Reached skill level 11 in Ranged Weapons
 11386 | Lair:1   | Found a glowing silver altar of Zin.
 11578 | Lair:1   | Reached skill level 5 in Invocations
 11723 | Lair:1   | Reached skill level 12 in Ranged Weapons
 11723 | Lair:1   | Reached skill level 5 in Evocations
 11723 | Lair:1   | Reached XP level 12. HP: 106/106 MP: 13/15
 11724 | Lair:1   | Reached skill level 13 in Ranged Weapons
 11724 | Lair:1   | Reached XP level 13. HP: 112/112 MP: 13/17
 12348 | Lair:2   | Reached skill level 10 in Fighting
 12369 | Lair:2   | You fall into a shaft and drop 2 floors!
 12518 | Lair:3   | Reached XP level 14. HP: 121/121 MP: 15/18
 12936 | Lair:2   | Found a staircase to the Snake Pit.
 13141 | D:10     | Bought a ring of poison resistance for 260 gold pieces
 13605 | Lair:3   | Found a staircase to the Swamp.
 13899 | Lair:3   | Reached skill level 14 in Ranged Weapons
 14673 | Lair:4   | Reached skill level 1 in Armour
 14697 | Lair:4   | Reached ***** piety under Okawaru
 15840 | Lair:5   | Entered Level 5 of the Lair of Beasts
 16248 | Lair:5   | Found a staircase to the Slime Pits.
 16454 | Lair:5   | Found a viscous altar of Jiyva.
 16689 | Lair:5   | Reached skill level 15 in Ranged Weapons
 16808 | Lair:5   | Identified the +5 scimitar "Xich" {antimagic, rF+++ rC-
                  | rCorr}
 17608 | D:12     | HP: 2/124 [yaktaur/bolt (24)]
 17714 | D:12     | Shot with a bolt by a yaktaur

Illustrated notes

Levels and vault maps discovered:
D:1:      scummos_arrival_checkerplants, layout_loops_cross
D:2:      layout_loops_ring, serial_shops, nicolae_shop_statue_plus,
          chequers_avenue, amcnicky_mini_rare_corridor_liquid,
          kennysheep_flooded_box
D:3:      layout_rooms, gammafunk_ghost_cemetery, serial_shops, shop_coins
D:4:      layout_loops_cross, uniq_crazy_yiuf_cottage
D:5:      lemuel_ratsnest, layout_basic, mainiacjoe_overflow_six_doors_small,
          minmay_temple_entry_proselytizer, uniq_eustachio
D:6:      nicolae_cairo_tiling_very_big, layout_rooms, old_standard_altar,
          minmay_three_doors
D:7:      layout_basic, chequers_garden
D:8:      layout_cave_pools, zin_purify, nrook_pool_corridor, fountainhead
D:9:      layout_loops_ring, uniq_maggie
D:10:     layout_basic, serial_shops, nicolae_shop_stone,
          lemuel_flamethrower_hall
D:11:     dreamdust_cave_troll, layout_basic, david_lair_generic, serial_curves,
          eino_curves_02, eino_curves_03, eino_curves_02
D:12:     layout_cross, david_orc_5, portal_ice_cave_entry_animals_and_master,
          kennysheep_minor_cross, minmay_misc_feat_doors,
          evilmike_ruin_ashenzari, uniq_frances
Temple:   nicolae_temple_bog_church
Lair:1:   layout_gridlike, basic_altar, minmay_hedge_maze,
          chequers_serial_rivers_micro_b
Lair:2:   layout_gridlike, minmay_snake_entry_six_corridors
Lair:3:   layout_loops_ring, swamp_mist, lemuel_fruit_fields
Lair:4:   layout_gridlike
Lair:5:   grunt_lair_end_beastmaster, layout_regular_city,
          minmay_slime_entry_pillars, grunt_megastairs_3,
          infiniplex_staircase_pool, lemuel_fruit_fields, serial_bayou_shore_b,
          serial_bayou_shore_a

Skill      XL: |  1  2  3  4  5  6  7  8  9 10 11 12 13 14 |
---------------+-------------------------------------------+-----
Axes           | 4 5 6 7 8 |  8.2
Fighting       | 4 5 6 7 8 9 10 11 | 11.5
Stealth        | 2 3 4 |  4.9
Ranged Weapons | 1 2 3 4 5 6 8 10 12 13 15 | 15.3
Polearms       | 1 |  1.6
Maces & Flails | 1 4 7 9 12 13 14 | 14.3
Invocations    | 1 3 6 7 8 |  8.8
Evocations     | 1 3 5 6 8 |  8.0
Armour         | 4 |  4.6
Dodging        | |  3.2

Action                   |  1- 3 |  4- 6 |  7- 9 | 10-12 | 13-15 || total
-------------------------+-------+-------+-------+-------+-------++-------
Melee: Hand axe          |    64 |    71 |    37 |       |       ||   172
       Headbutt          |     9 |    22 |    40 |    69 |   156 ||   296
       Punch             |     1 |       |     4 |     6 |    23 ||    34
       Halberd           |       |    23 |       |       |       ||    23
       Flail             |       |       |   120 |   224 |   495 ||   839
 Fire: Sling             |    60 |    28 |    10 |       |       ||    98
       Shortbow          |       |       |    64 |    66 |       ||   130
       Arbalest          |       |       |       |    35 |   139 ||   174
Throw: Stone             |     6 |       |       |       |       ||     6
       Dart              |       |       |     3 |     3 |     6 ||    12
       Boomerang         |       |       |       |     9 |     2 ||    11
Invok: Heroism           |       |       |    12 |    20 |    26 ||    58
       Finesse           |       |       |       |       |     4 ||     4
Evoke: Wand              |       |     1 |     3 |    10 |    11 ||    25
  Use: Scroll            |     3 |     1 |     5 |    16 |    10 ||    35
       Potion            |       |       |       |     3 |     2 ||     5
 Stab: Sleeping          |     4 |     3 |       |       |       ||     7
       Paralysed         |       |     5 |     1 |       |    14 ||    20
       Invisible         |       |       |       |       |     2 ||     2
Armor: Robe              |    15 |    12 |     2 |       |       ||    29
       Chain mail        |       |       |    33 |       |       ||    33
       Plate armour      |       |       |    64 |   115 |   324 ||   503
Dodge: Dodged            |    44 |    62 |   136 |   126 |   356 ||   724

Table legend: (Time is in decaauts)
 A = Elapsed time spent in this place.
 B = Non-inter-level travel time spent in this place.
 C = Inter-level travel time spent in this place.
 D = Time resting spent in this place.
 E = Time spent auto-exploring this place.
 F = Levels seen in this place.
 G = Mean time per level.
                   A        B        C        D        E       F      G
               +--------+--------+--------+--------+--------+-----+--------+
         Total |  17719 |  16848 |    871 |   3247 |  10218 |  18 |  984.4 |
       Dungeon |  11632 |  11045 |    587 |   1981 |   6954 |  12 |  969.3 |
        Temple |     41 |     24 |     17 |      0 |     10 |   1 |   41.0 |
          Lair |   6046 |   5779 |    267 |   1266 |   3254 |   5 | 1209.2 |
               +--------+--------+--------+--------+--------+-----+--------+

Top non-repeatable levels by time:
    D:11: 1688 daAuts
  Lair:5: 1522 daAuts
    D:10: 1440 daAuts
  Lair:4: 1320 daAuts
  Lair:3: 1276 daAuts
     D:5: 1245 daAuts
     D:6: 1080 daAuts
  Lair:2: 1024 daAuts
     D:8: 971 daAuts
     D:4: 961 daAuts
     D:2: 960 daAuts
     D:9: 940 daAuts
     D:7: 928 daAuts
  Lair:1: 903 daAuts
     D:1: 721 daAuts
